 Dungeon Crawl Stone Soup version 0.22-a0-877-g5c4e1af (webtiles) character file.

23711 prawnwizard the Carver (level 12, -2/100 HPs)
             Began as a Demonspawn Gladiator on July 29, 2018.
             Was a High Priest of Ru.
             Killed from afar by a rime drake (16 damage)
             ... with a flash freeze
             ... on level 3 of the Lair of Beasts.
             The game lasted 00:28:26 (15604 turns).

prawnwizard the Carver (Demonspawn Gladiator)      Turns: 15604, Time: 00:28:27

Health: -2/100     AC: 26    Str: 19    XL:     12   Next: 74%
Magic:  7/12       EV: 11    Int:  7    God:    Ru [*****.]
Gold:   687        SH:  0    Dex: 11    Spells: 11/11 levels left

rFire    . . .     SeeInvis .   H - +4 falchion (flame)
rCold    + + .     Gourm    +   (no shield)
rNeg     . . .     Faith    .   K - +0 chain mail
rPois    +         Spirit   .   c - +1 helmet
rElec    +         Reflect  .   p - +0 cloak
rCorr    +         Harm     .   F - +1 pair of gloves of the Skies Above {rElec rPois Int-4 Dex-3}
MR       .....                  (boots unavailable)
Stlth    ..........             t - amulet of the gourmand
HPRegen  0.26/turn              r - ring of protection from cold
MPRegen  0.13/turn              a - ring of resist corrosion

@: exhausted, no scrolls
A: hooves 3, molten scales 2, cold resistance 1, icemail, rot immunity, freezing
cloud immunity, inability to read while threatened, inability to use devices, no
conjurations magic, no poison magic, no transmutations magic
a: Sacrifice Durability, Sacrifice Nimbleness, Sacrifice Drink, Reject
Sacrifices, Draw Out Power, Power Leap, Apocalypse, Renounce Religion


You were on level 3 of the Lair of Beasts.
You worshipped Ru.
Ru was extremely pleased with you.
You were very full.

You visited 2 branches of the dungeon, and saw 14 of its levels.
You also visited: Labyrinth.

You collected 687 gold pieces.

Inventory:

Hand Weapons
 H - a +4 falchion of flaming (weapon)
Missiles
 d - 4 throwing nets (quivered)
Armour
 c - a +1 helmet (worn)
 p - a +0 cloak (worn)
 y - a +0 pair of gloves
 F - the +1 pair of gloves of the Skies Above (worn) {rElec rPois Int-4 Dex-3}
   (You found it on level 8 of the Dungeon)

   It affects your intelligence (-4).
   It affects your dexterity (-3).
   It insulates you from electricity.
   It protects you from poison.
 K - a +0 chain mail (worn)
Jewellery
 a - a ring of resist corrosion (right hand)
 e - the ring "Abeseol" {rF+ rN+++ Int-5 Stlth-, unknown}
   (You took it off a minotaur in a labyrinth)

   [ring of attention]

   It affects your intelligence (-5).
   It protects you from fire.
   It renders you almost immune to negative energy.
   It makes you less stealthy.
 r - a ring of protection from cold (left hand)
 s - an uncursed ring of protection from fire {unknown}
 t - an amulet of the gourmand (around neck)
 w - an uncursed ring of positive energy {unknown}
 B - an uncursed ring of magical power
 C - an uncursed ring of wizardry
 E - a cursed amulet of inaccuracy {unknown}
 J - an uncursed ring of magical power
 L - an uncursed ring of poison resistance {unknown}
Scrolls
 b - 2 scrolls of acquirement
 h - 8 scrolls of identify
 i - 4 scrolls of immolation
 j - 2 scrolls of enchant weapon
 k - 8 scrolls of remove curse
 l - a scroll of magic mapping
 n - 7 scrolls of teleportation
 z - a scroll of fear {unknown}
 D - a scroll of noise {unknown}
 I - 2 scrolls of fog
 N - a scroll of blinking {unknown}
Potions
 g - 2 potions of brilliance
 m - 5 potions of ambrosia
 o - a potion of lignification
 q - 3 potions of curing
 u - a potion of agility {unknown}
 v - a potion of heal wounds
 x - a potion of might
 A - 2 potions of haste
 G - a potion of resistance
Comestibles
 f - 29 rations


   Skills:
 + Level 11.0 Fighting
 * Level 13.9 Long Blades
 - Level 1.7 Throwing
 + Level 10.4 Dodging


You had 11 spell levels left.
You didn't know any spells.
Your spell library contained the following spells:

 Spells                   Type           Power        Failure   Level  Hunger
 Throw Flame              Conj/Fire      #.....       100%        2    ###....
 Mephitic Cloud           Conj/Pois/Air  #.......     100%        3    ####...
 Regeneration             Chrm/Necr      #.........   100%        3    ####...
 Spider Form              Tmut/Pois      #.........   100%        3    ####...
 Blade Hands              Tmut           #.........   100%        5    ######.
 Ice Form                 Ice/Tmut       #.......     100%        4    #####..
 Flame Tongue             Conj/Fire      #....        100%        1    ##.....
 Sticks to Snakes         Tmut           #.......     100%        2    ###....
 Shatter                  Erth           #.........   100%        9    #######
 Corona                   Hex            #......      100%        1    ##.....
 Sandblast                Erth           #.....       100%        1    ##.....
 Petrify                  Tmut/Erth      #.......     100%        4    #####..
 Shroud of Golubria       Chrm/Tloc      #.........   100%        2    ###....
 Inner Flame              Hex/Fire       #.......     100%        3    ####...
 Beastly Appendage        Tmut           #.....       100%        1    ##.....
 Infusion                 Chrm           #...         100%        1    ##.....
 Song of Slaying          Chrm           #.......     100%        2    ###....
 Spectral Weapon          Hex/Chrm       #.......     100%        3    ####...
 Poisonous Vapours        Pois/Air       #.....       100%        2    ###....


Dungeon Overview and Level Annotations

Branches:
Dungeon (11/15)            Temple (0/1) D:5            Lair (3/6) D:11
  Swamp: Lair:2-4    Shoals: Lair:2-4     Snake: Lair:2-4    Spider: Lair:2-4
    Orc: D:9-12

Altars:
Ashenzari
Cheibriados
Dithmenos
Fedhas
Hepliaklqana
Kikubaaqudgha
Makhleb
Okawaru
Qazlal
Ru
Sif Muna
Trog
Uskayaw
Xom
Zin

Shops:
D:4 %   D:5 *=   D:7 (


Innate Abilities, Weirdness & Mutations

You have hooves in place of feet.
You are mostly covered in molten scales. (AC +3)
Your flesh is cold resistant. (rC+)
A meltable icy envelope protects you from harm. (AC +10)
You are immune to rotting.
You are immune to freezing clouds.
You cannot read scrolls while threatened.
You cannot study or use magical devices.
You cannot study or cast Conjurations magic.
You cannot study or cast Poison magic.
You cannot study or cast Transmutations magic.


Message History

You focus your will and slow the rime drake in retribution!
You miss the rime drake. You kick the rime drake!
The rime drake is severely wounded.
A blink frog comes into view.
The rime drake bites you but does no damage.
The blink frog gives a loud, deep croak!
You hit the rime drake but do no damage.
You kick the rime drake.
The rime drake is severely wounded.
You barely miss the rime drake. Your kick misses the rime drake.
The rime drake is severely wounded.
The rime drake completely misses you.
You miss the rime drake. Your kick misses the rime drake.
The rime drake is severely wounded.
The ice encasing you melts away.
You hit the rime drake but do no damage.
The rime drake is severely wounded.
The rime drake breathes ice at you. The flash freeze hits you!
You partially resist.
You die...

≈..........##.#...
..................
...#.........#...
....>.............
.........†....#...
#.....††.......#.#
.#.......†....P.♣
......).k..#.#...
.........@..F...;P
.........###....≈≈
........## ...♣P≈
.#....... .♣≈≈
..#...... P≈ ≈;
......... P≈ ≈
P#.....


PP≈ #... You could see a blink frog, a rime drake and an electric eel.

Vanquished Creatures
  A minotaur (Lab)
  Josephine (D:11)
  An ice dragon (D:10)
  2 hydras
  A two-headed ogre (D:9)
  3 death yaks (Lair:3)
  Pikel (D:4)
  2 elephants
  3 black mambas
  3 spiny frogs
  A rime drake (D:11)
  A komodo dragon (Lair:1)
  2 polar bears
  A troll (D:10)
  2 slime creatures (D:9)
  5 hippogriffs
  Sigmund (D:5)
  2 wyverns
  4 wraiths (D:11)
  A spriggan (D:7)
  18 yaks
  2 basilisks
  2 hungry ghosts (D:9)
  4 water moccasins
  2 porcupines (Lair:2)
  3 orc warriors
  4 ice beasts
  A hornet zombie (D:11)
  3 sky beasts
  A necrophage (D:9)
  2 phantoms (D:8)
  2 black bears (D:9)
  5 ogres
  5 centaurs
  4 wolves
  5 crocodiles
  A big kobold (D:8)
  10 bullfrogs
  A wyvern zombie (D:8)
  4 scorpions
  15 killer bees
  19 wights
  A howler monkey (D:9)
  3 crimson imps
  A bullfrog zombie (D:9)
  7 hounds
  A quasit (D:7)
  3 centaur skeletons
  7 orc priests
  9 orc wizards
  3 bullfrog skeletons
  4 hell rats (Lair:1)
  4 iguanas
  Natasha (thrice) (D:2)
  7 worker ants
  A hound skeleton (D:10)
  2 mummies
  A worker ant zombie (D:10)
  10 gnolls
  5 river rats (Lair:1)
  12 adders
  A shadow imp (D:10)
  6 worms
  A dart slug (D:3)
  2 leopard geckos
  27 orcs
  6 giant cockroaches
  6 hobgoblins
  14 jackals
  4 quokkas
  13 bats
  6 frilled lizards
  12 goblins
  A hobgoblin zombie (D:4)
  5 kobolds
  A kobold zombie (D:4)
  A leopard gecko skeleton (D:7)
  2 quokka skeletons
  12 rats
  A plant (Lair:3)
356 creatures vanquished.

Vanquished Creatures (others)
  A hydra (Lair:1)
  A hippogriff (Lair:1)
2 creatures vanquished.

Grand Total: 358 creatures vanquished

Notes
Turn   | Place    | Note
-------+----------+-------------------------------------------
     0 | D:1      | prawnwizard the Demonspawn Gladiator began the quest for the Orb.
     0 | D:1      | Reached XP level 1. HP: 16/16 MP: 1/1
   275 | D:1      | Reached skill level 3 in Long Blades
   275 | D:1      | Gained mutation: You are partially covered in molten scales. (AC +2) [demonic ancestry]
   275 | D:1      | Reached XP level 2. HP: 20/22 MP: 2/2
   313 | D:1      | Found a shattered altar of Ashenzari.
   842 | D:2      | Noticed Natasha
   848 | D:2      | Killed Natasha
   848 | D:2      | Gained mutation: You have large cloven feet. [demonic ancestry]
   848 | D:2      | Reached XP level 3. HP: 24/28 MP: 3/3
  1113 | D:2      | Gained mutation: Your flesh is cold resistant. (rC+) [demonic ancestry]
  1113 | D:2      | Reached XP level 4. HP: 34/34 MP: 4/4
  1147 | D:2      | Found a hazy altar of Hepliaklqana.
  1148 | D:2      | Found a shimmering altar of Xom.
  1148 | D:2      | Noticed a hell beast
  1149 | D:2      | Noticed a spectral ugly thing
  1149 | D:2      | Noticed a hell beast
  1175 | D:2      | Noticed Natasha
  1186 | D:2      | Killed Natasha
  1186 | D:2      | Reached skill level 4 in Long Blades
  1368 | D:2      | Noticed Natasha
  1377 | D:2      | Killed Natasha
  1377 | D:2      | Gained mutation: You have hoof-like feet. [demonic ancestry]
  1377 | D:2      | Reached XP level 5. HP: 35/41 MP: 5/5
  1613 | D:2      | Found a blossoming altar of Fedhas.
  1613 | D:2      | Found a shadowy altar of Dithmenos.
  1614 | D:2      | Found a glowing silver altar of Zin.
  2934 | D:4      | Found a sacrificial altar of Ru.
  2949 | D:4      | Became a worshipper of Ru the Awakened
  3005 | D:4      | Gained mutation: You are immune to freezing clouds. [demonic ancestry]
  3005 | D:4      | Reached XP level 6. HP: 37/47 MP: 6/6
  3026 | D:4      | Reached skill level 5 in Long Blades
  3098 | D:4      | Found Apnuuhak's Food Emporium.
  3189 | D:4      | Found an ancient bone altar of Kikubaaqudgha.
  3202 | D:4      | Found a bloodstained altar of Trog.
  3434 | D:4      | Gained mutation: You have hooves in place of feet. [demonic ancestry]
  3434 | D:4      | Reached XP level 7. HP: 40/54 MP: 7/7
  3729 | D:5      | Entered Level 5 of the Dungeon
  3788 | D:5      | Found Zisayjats's General Store.
  3881 | D:5      | Gained mutation: You cannot read scrolls while threatened. [Ru sacrifice]
  3881 | D:5      | Reached * piety under Ru
  3885 | D:5      | Found a staircase to the Ecumenical Temple.
  4363 | D:5      | Reached skill level 6 in Long Blades
  4426 | D:5      | Noticed Pikel
  4452 | D:4      | Killed Pikel
  4452 | D:4      | Reached skill level 5 in Fighting
  4452 | D:4      | Reached skill level 7 in Long Blades
  4452 | D:4      | Reached skill level 5 in Dodging
  4452 | D:4      | Gained mutation: You are mostly covered in molten scales. (AC +3) [demonic ancestry]
  4452 | D:4      | Reached XP level 8. HP: 20/63 MP: 8/8
  4862 | D:5      | Found a bloodstained altar of Trog.
  4911 | D:5      | Found Efyri's Jewellery Shoppe.
  5057 | D:5      | Noticed Sigmund
  5060 | D:5      | Killed Sigmund
  5453 | D:6      | Reached skill level 8 in Long Blades
  5694 | D:6      | Found a stormy altar of Qazlal.
  5698 | D:6      | Noticed an air elemental
  6045 | D:6      | Gained mutation: A meltable icy envelope protects you from harm. (AC +10) [demonic ancestry]
  6045 | D:6      | Reached XP level 9. HP: 69/69 MP: 9/9
  6092 | D:6      | Found a burning altar of Makhleb.
  6093 | D:6      | Found an iron altar of Okawaru.
  6126 | D:6      | Found a snail-covered altar of Cheibriados.
  6640 | D:7      | Found Lapha's Antique Weapon Shop.
  6934 | D:7      | Gained mutation: You cannot study or cast Poison magic. [Ru sacrifice]
  6934 | D:7      | Gained mutation: You cannot study or cast Transmutations magic. [Ru sacrifice]
  6934 | D:7      | Gained mutation: You cannot study or cast Conjurations magic. [Ru sacrifice]
  6934 | D:7      | Reached ** piety under Ru
  6972 | D:7      | Reached skill level 9 in Long Blades
  8140 | D:8      | Gained mutation: You are immune to rotting. [demonic ancestry]
  8140 | D:8      | Reached XP level 10. HP: 79/79 MP: 10/10
  8219 | D:8      | Identified Hetzeum's Reference Book on Dusty Fire
  8244 | D:8      | Reached skill level 10 in Long Blades
  8547 | D:8      | Got a pair of jewelled gloves
  8553 | D:8      | Identified the +1 pair of gloves of the Skies Above {rElec rPois Int-4 Dex-3} (You found it on level 8 of the Dungeon)
  9661 | D:9      | Reached skill level 11 in Long Blades
  9725 | D:9      | Found a bloodstained altar of Trog.
  9743 | D:9      | Gained mutation: You cannot study or use magical devices. [Ru sacrifice]
  9743 | D:9      | Reached *** piety under Ru
  9743 | D:9      | Reached **** piety under Ru
  9743 | D:9      | Reached ***** piety under Ru
  9999 | D:9      | Noticed a four-headed hydra
 10006 | D:9      | Killed a one-headed hydra
 10006 | D:9      | Reached XP level 11. HP: 73/87 MP: 11/11
 10048 | D:9      | Noticed a two-headed ogre
 10066 | D:9      | Killed a two-headed ogre
 10537 | D:10     | Entered Level 10 of the Dungeon
 11201 | D:10     | Identified 3 scrolls of acquirement
 11587 | D:11     | Noticed Josephine
 11618 | D:11     | Killed Josephine
 11618 | D:11     | Reached skill level 12 in Long Blades
 11859 | D:11     | Found a deep blue altar of Sif Muna.
 11887 | D:11     | Found a frozen archway.
 11889 | D:11     | Noticed an ice dragon
 11919 | D:11     | Found a staircase to the Lair.
 12249 | D:10     | Killed an ice dragon
 12439 | D:11     | Reached skill level 10 in Fighting
 12747 | D:11     | Found the +7 great mace "Undeadhunter" {disrupt, rN+}
 12934 | Lair:1   | Entered Level 1 of the Lair of Beasts
 13054 | Lair:1   | Reached XP level 12. HP: 62/97 MP: 12/12
 13665 | Lair:1   | Found the +3 robe of Folly {Archmagi, MR-- Int+5}
 13665 | Lair:1   | Found a hide-covered altar of Uskayaw.
 13704 | Lair:1   | Noticed a seven-headed hydra
 13707 | Lair:1   | Reached skill level 13 in Long Blades
 13711 | Lair:1   | Killed a six-headed hydra
 14307 | Lair:2   | Found a labyrinth entrance.
 14358 | Lab      | Entered a labyrinth
 14584 | Lab      | Noticed a minotaur
 14616 | Lab      | Killed a minotaur
 14616 | Lab      | Reached skill level 10 in Dodging
 14645 | Lab      | Got a faintly glowing marble ring
 14652 | Lab      | Identified the Collected Works on Entrancing Envenoming
 15351 | Lair:2   | Noticed a six-headed hydra
 15360 | Lair:2   | Killed a one-headed hydra
 15524 | Lair:2   | Noticed an eight-headed hydra
 15556 | Lair:3   | Noticed a death yak
 15560 | Lair:3   | Noticed a death yak
 15560 | Lair:3   | Noticed a death yak
 15571 | Lair:3   | Killed a death yak
 15578 | Lair:3   | Killed a death yak
 15586 | Lair:3   | Killed a death yak
 15590 | Lair:3   | HP: 3/100 [rime drake/flash freeze (12)]
 15604 | Lair:3   | Killed from afar by a rime drake

Vault maps used:
D:1:      dpeg_arrival_three_smaller_balls, evilmike_ruin_ashenzari
D:2:      regret_index_temple_of_mockery, gammafunk_temple_overflow_claw,
          uniq_natasha
D:3:      nicolae_overflow_hidden_temple, first_ration, serial_bayou_lake_a
D:4:      kennysheep_little_box, lemuel_crystal_altar, nicolae_ru_awakened_eye,
          nicolae_ossuary_entry_giza, serial_shops, shop, minmay_ogre_servants
D:5:      minmay_temple_entry_grid, serial_shops, nicolae_shop_behind_doors,
          kennysheep_mini, trog_three_pillars_becter, uniq_pikel, uniq_sigmund
D:6:      slow_altar_2, amethyst_overflow_temple_binary,
          nicolae_qazlal_style_of_elements
D:7:      serial_shops, shop, st_stairs_8, the_bakery
D:8:      minmay_bloctagon_deflated
D:9:      small_chamber_with_monster, trog_ov_bears_minmay
D:11:     lair_entry_dummy, portal_ice_cave_entry_animals_and_master,
          basic_altar, uniq_josephine
Lair:1:   basic_altar, kennysheep_abandoned_house, grunt_megastairs_4
Lair:2:   lab_entry_generic, minmay_stone_trees_small, wad_woods_03
Lair:3:   spider_nest_entry_web_field, serial_bayou_lagoon_b,
          minmay_lair_oklob_chamber, serial_bayou_shore_a,
          infiniplex_staircase_pool_2
Lab:      nicolae_lab_dead_adventurers, nicolae_lab_diamond

Skill      XL: |  1  2  3  4  5  6  7  8  9 10 11 12 |
---------------+-------------------------------------+-----
Long Blades    | 3 4 5 7 8 9 11 12 13 | 13.9
Dodging        | 3 4 5 6 7 8 9 10 | 10.4
Fighting       | 3 4 5 6 7 8 10 11 | 11.0
Throwing       | |  1.7

Action                   |  1- 3 |  4- 6 |  7- 9 | 10-12 || total
-------------------------+-------+-------+-------+-------++-------
Melee: Long sword        |    78 |   161 |    33 |       ||   272
       Kick              |     4 |    56 |    80 |   322 ||   462
       Great sword       |       |       |   233 |   114 ||   347
       Falchion          |       |       |       |   688 ||   688
Invok: Sacrifice Words   |       |       |     1 |       ||     1
       Sacrifice Arcana  |       |       |     1 |       ||     1
       Sacrifice Artific |       |       |       |     1 ||     1
       Draw Out Power    |       |       |       |     2 ||     2
       Apocalypse        |       |       |       |     1 ||     1
  Use: Scroll            |       |       |       |    19 ||    19
       Potion            |       |       |       |     1 ||     1
 Stab: Distracted        |       |       |       |     4 ||     4
       Invisible         |       |       |       |    12 ||    12
       Paralysed         |       |       |       |     9 ||     9
  Eat: Chunk             |     1 |     8 |    20 |    34 ||    63
       Ration            |       |       |     1 |       ||     1
Armor: Ring mail         |    50 |    58 |   110 |   212 ||   430
       Leather armour    |     2 |       |       |       ||     2
       Chain mail        |       |       |       |   127 ||   127
       Scale mail        |       |       |       |     9 ||     9
Dodge: Dodged            |    76 |   116 |   212 |   444 ||   848
       Rpst.: Long sword |    29 |    37 |     8 |       ||    74
       Great sword       |       |       |    43 |    24 ||    67
       Falchion          |       |       |       |   107 ||   107

Table legend:
 A = Spawn XP
 B = Non-spawn XP
 C = Spawn XP percentage of total XP
 D = Spawn monster count
 E = Non-spawn monster count
 F = Spawn count percentage of total count
 G = Total turns spent on level
                    A         B        C        D         E        F      G
               +---------+---------+-------+---------+---------+-------+---------
         Total |       0 |   33874 |   0.0 |       0 |     357 |   0.0 | 15604
               +---------+---------+-------+---------+---------+-------+---------
           D:1 |       0 |      23 |   0.0 |       0 |      18 |   0.0 |   758
           D:2 |       0 |     197 |   0.0 |       0 |      24 |   0.0 |   997
           D:3 |       0 |      93 |   0.0 |       0 |      23 |   0.0 |  1086
           D:4 |       0 |    1267 |   0.0 |       0 |      24 |   0.0 |  1354
           D:5 |       0 |     686 |   0.0 |       0 |      14 |   0.0 |  1140
           D:6 |       0 |     702 |   0.0 |       0 |      16 |   0.0 |   937
           D:7 |       0 |    2513 |   0.0 |       0 |      51 |   0.0 |  1803
           D:8 |       0 |    2794 |   0.0 |       0 |      45 |   0.0 |  1636
           D:9 |       0 |    4794 |   0.0 |       0 |      39 |   0.0 |  1246
          D:10 |       0 |    3872 |   0.0 |       0 |      21 |   0.0 |  1104
          D:11 |       0 |    4543 |   0.0 |       0 |      30 |   0.0 |   873
        Lair:1 |       0 |    4380 |   0.0 |       0 |      33 |   0.0 |  1213
        Lair:2 |       0 |    3090 |   0.0 |       0 |       9 |   0.0 |   902
        Lair:3 |       0 |    3975 |   0.0 |       0 |       9 |   0.0 |    59
           Lab |       0 |     945 |   0.0 |       0 |       1 |   0.0 |   496
               +---------+---------+-------+---------+---------+-------+---------
